 Dungeon Crawl Stone Soup version 0.31.0-11-ge490571c62 (webtiles) character file.

Game seed: 4368843274083222935

1203 Gadfly the Insei (level 8, -6/63 HPs)
             Began as a Demonspawn Monk on Feb 3, 2024.
             Mangled by a wight
             ... wielding a +3 halberd
              (13 damage)
             ... on level 6 of the Dungeon.
             The game lasted 00:07:03 (5267 turns).

Gadfly the Insei (Demonspawn Monk)                  Turns: 5267, Time: 00:07:04

Health: -6/63      AC:  4    Str: 19    XL:     8   Next: 21%
Magic:  8/8        EV: 14    Int: 11    God:
Gold:   48         SH:  0    Dex: 16    Spells: 7/7 levels left

rFire   + .          .
                       - Unarmed
rCold   + . .        (no shield)
rNeg    + . .        o - +2 robe {rN+}
rPois   .            (helmet restricted)
rElec   .            j - scarf {rC+ rF+}
rCorr   .            (no gloves)
SInv    .            (no boots)
Will    .....        (no amulet)
Stlth   +            g - +6 ring of strength
HPRegen 0.30/turn    (no ring)
MPRegen 0.11/turn

%: no passive effects
@: mighty, lethally poisoned (-6 -> -11)
A: antennae 2, claws 1, ignite blood 3, demonic magic 1
a: no special abilities


You were on level 6 of the Dungeon.
You visited 1 branch of the dungeon, and saw 6 of its levels.

You collected 254 gold pieces.
You spent 206 gold pieces at shops.

Inventory:

Hand Weapons
 b - a +2 hand axe of draining
 n - a +1 dagger of venom
Armour
 c - an orb of light
 j - a scarf of resistance (worn)
 o - a +2 robe of positive energy (worn)
Jewellery
 g - a +6 ring of strength (left claw)
 i - a ring of flight
Wands
 h - a wand of mindburst (7) (quivered)
 m - a wand of roots (10)
Scrolls
 l - a scroll of butterflies {unknown}
Potions
 d - a potion of enlightenment
 e - a potion of haste
 f - a potion of might
 k - a potion of attraction


   Skills:
 - Level 5.5 Fighting
 + Level 5.5 Dodging
 + Level 6.8 Unarmed Combat
 * Level 5.8 Evocations
 * Level 5.9 Shapeshifting


You had 7 spell levels left.
You didn't know any spells.
Your spell library contained the following spells:

 Spells                   Type           Power      Damage    Failure   Level
 Kiss of Death            Conj/Necr      0%         2d5       34%         1
 Magic Dart               Conj           0%         1d3       34%         1
 Searing Ray              Conj           0%         2d4       47%         2
 Confusing Touch          Hex            0%         N/A       71%         3
 Inner Flame              Hex/Fire       0%         N/A       71%         3
 Dispel Undead            Necr           0%         3d6       98%         4
 Flame Wave               Conj/Fire      0%         2d4       98%         4
 Fulminant Prism          Conj/Alch      0%         3d5       98%         4
 Sticky Flame             Fire/Alch      0%         2d4       98%         4


Dungeon Overview and Level Annotations

Branches:
Dungeon (6/15)
 Temple: D:4-7

Altars:
Qazlal
Vehumet

Shops:
D:1 !   D:6 [


Innate Abilities, Weirdness & Mutations

You have a pair of antennae on your head.
You have sharp fingernails.
Your demonic aura causes all spilled blood to erupt in flames.
Spells you cast may paralyse adjacent enemies.


Message History

You feel sick.
The orc hits you with a +2 mace of venom.
You are more poisoned.
The wight hits you with a +0 scimitar!
You barely miss the wight.
You feel sick.
The orc hits you with a +2 mace of venom.
The wight misses you. The wight closely misses you.
You are too injured to fight recklessly!
You are too injured to fight recklessly!
You are too injured to fight recklessly!
You are too injured to fight recklessly!
You are too injured to fight recklessly!
You are too injured to fight recklessly!
You are too injured to fight recklessly!
You are too injured to fight recklessly!
You are too injured to fight recklessly!
You are too injured to fight recklessly!
You are too injured to fight recklessly!
You are too injured to fight recklessly!
Unknown command.
You feel very sick. The orc hits you but does no damage.
You are more poisoned.
You claw the orc!
You kill the orc!
You feel very sick.
It was a potion of might.
You feel very mighty all of a sudden.
You feel very sick. The wight hits you but does no damage.
You scratch the wight. You claw the wight!
You destroy the wight!
You feel sick.
Unknown command.
You feel sick. The wight attacks as it pursues you!
The wight hits you with a +2 short sword!
* * * LOW HITPOINT WARNING * * *
You barely miss the wight.
You feel sick.
The wight hits you from afar with a +3 halberd!
You die...

............>..
...............
...............
.............
.....o.....
#zl#o{!..) #○z#
##z## #####@.###
#............###
##..............#
#...............##
#................#
#..............(.#
.................#
...
.................##
...
......†...........#
....


You could see an iguana, 3 wights, an orc priest and an orc.

Vanquished Creatures
  A black bear (D:6)
  A bullfrog (D:6)
  3 scorpions
  2 wights (D:6)
  A howler monkey (D:6)
  4 hounds
  A jelly (D:5)
  An orc priest (D:6)
  4 sleepcaps
  2 iguanas
  3 orc wizards
  Ijyb (D:4)
  A statue (D:4)
  2 gnolls (D:1)
  3 adders
  A shadow imp (D:5)
  2 ufetubi (D:6)
  2 dart slugs
  2 ribbon worms (D:2)
  10 orcs
  12 ball pythons
  6 endoplasms
  5 giant cockroaches
  11 goblins
  9 hobgoblins
  3 jackals (D:3)
  5 quokkas
  6 bats
  5 frilled lizards
  7 kobolds
  4 rats
120 creatures vanquished.

Notes
Turn   | Place    | Note
-------+----------+-------------------------------------------
     0 | D:1      | Gadfly the Demonspawn Monk began the quest for the Orb.
     0 | D:1      | Reached XP level 1. HP: 18/18 MP: 1/1
   160 | D:1      | Discovered your monstrous ancestry.
   160 | D:1      | Gained mutation: You have sharp fingernails. [demonic
                  | ancestry]
   160 | D:1      | Reached XP level 2. HP: 4/24 MP: 2/2
   352 | D:1      | Reached skill level 1 in Evocations
   490 | D:1      | Found Luacausm's Distillery.
   493 | D:1      | Bought a potion of curing for 30 gold pieces
   555 | D:1      | Reached skill level 3 in Unarmed Combat
   596 | D:1      | Reached skill level 1 in Shapeshifting
   596 | D:1      | Gained mutation: Your demonic aura sometimes causes spilled
                  | blood to erupt in flames. [demonic ancestry]
   596 | D:1      | Reached XP level 3. HP: 9/29 MP: 3/3
  1206 | D:2      | Gained mutation: You have a pair of small antennae on your
                  | head. [demonic ancestry]
  1206 | D:2      | Reached XP level 4. HP: 23/35 MP: 4/4
  2224 | D:3      | Found a faded altar of an unknown god.
  2610 | D:3      | Reached skill level 5 in Fighting
  2610 | D:3      | Reached skill level 5 in Dodging
  2610 | D:3      | Reached skill level 6 in Unarmed Combat
  2610 | D:3      | Reached skill level 5 in Shapeshifting
  2610 | D:3      | Gained mutation: You have a pair of antennae on your head.
                  | [demonic ancestry]
  2610 | D:3      | Reached XP level 5. HP: 44/44 MP: 5/5
  2646 | D:4      | Found a stormy altar of Qazlal.
  2647 | D:4      | Noticed an air elemental
  2648 | D:4      | Noticed a water elemental
  2648 | D:4      | Noticed a fire elemental
  2906 | D:4      | HP: 2/44 [scorpion (6)]
  2909 | D:4      | Gained mutation: Spells you cast may paralyse adjacent
                  | enemies. [demonic ancestry]
  2909 | D:4      | Reached XP level 6. HP: 5/51 MP: 6/6
  3128 | D:4      | Found a radiant altar of Vehumet.
  3395 | D:4      | Noticed Ijyb
  3401 | D:4      | Killed Ijyb
  3761 | D:5      | Entered Level 5 of the Dungeon
  4051 | D:5      | Reached skill level 5 in Evocations
  4172 | D:5      | Gained mutation: Your demonic aura often causes spilled
                  | blood to erupt in flames. [demonic ancestry]
  4172 | D:5      | Reached XP level 7. HP: 37/56 MP: 7/7
  5131 | D:6      | Gained mutation: Your demonic aura causes all spilled blood
                  | to erupt in flames. [demonic ancestry]
  5131 | D:6      | Reached XP level 8. HP: 59/63 MP: 8/8
  5184 | D:6      | Found Xecas's Armour Shoppe.
  5229 | D:6      | Bought a +2 robe of positive energy for 176 gold pieces
  5267 | D:6      | Mangled by a wight

Illustrated notes

Levels and vault maps discovered:
D:1:      dpeg_arrival_water_temple_mockup, layout_basic, serial_shops,
          nicolae_shop_behind_doors
D:2:      layout_loops_ring, minmay_misc_feat_iff, minmay_misc_feat_cross
D:3:      layout_loops_cross, shapermc_ecumenical_altar_notcrosses,
          kennysheep_generic_room_3
D:4:      layout_gridville, nicolae_qazlal_style_of_elements, vehumet_statue,
          uniq_ijyb
D:5:      layout_rooms, hangedman_abyss_or_decor_lesser_grid
D:6:      layout_cave_pods, mainiacjoe_overflow_24_doors,
          nicolae_overflow_crystal_walls, nzn_wu_jian_council_hall,
          serial_shops, shop

Skill      XL: |  1  2  3  4  5  6 |
---------------+-------------------+-----
Evocations     | 1 4 5 |  5.8
Unarmed Combat | 3 6 |  6.8
Shapeshifting  | 1 5 |  5.9
Dodging        | 3 5 |  5.5
Fighting       | 5 |  5.5

Action                     |  1- 3 |  4- 6 |  7- 9 || total
---------------------------+-------+-------+-------++-------
  Melee: Unarmed           |   100 |   141 |    83 ||   324
         Hand axe          |    18 |       |       ||    18
         Punch             |       |     3 |     5 ||     8
    Use: Scroll            |     1 |     9 |     1 ||    11
         Potion            |       |     4 |     1 ||     5
   Stab: Sleeping          |       |     4 |     3 ||     7
 Armour: Robe              |    61 |    68 |    48 ||   177
  Dodge: Dodged            |    77 |    71 |    49 ||   197
